 Dungeon Crawl Stone Soup version 0.31-a0-358-gac0dbeb3ab (webtiles) character file.

Game seed: 13551698309809148853

22 MacCMillion the Changeling (level 2, -1/21 HPs)
             Began as a Merfolk Shapeshifter on July 25, 2023.
             Slain by a quokka (3 damage)
             ... on level 1 of the Dungeon.
             The game lasted 00:00:58 (343 turns).

MacCMillion the Changeling (Merfolk Shapeshifter)    Turns: 343, Time: 00:00:59

Health: -1/21      AC:  2    Str: 15    XL:     2   Next: 91%
Magic:  2/2        EV: 13    Int:  7    God:
Gold:   81         SH:  0    Dex: 14    Spells: 1/1 levels left

rFire   . .          .
                       - Unarmed
rCold   . . .        (no shield)
rNeg    . . .        a - +0 animal skin
rPois   .            (helmet currently unavailable)
rElec   .            (cloak currently unavailable)
rCorr   .            (gloves currently unavailable)
SInv    .            (boots currently unavailable)
Will    .....        (no amulet)
Stlth   +            (no ring)
HPRegen 0.23/turn    (no ring)
MPRegen 0.08/turn

%: no passive effects
@: beast-form
A: beast (slay +3), (nimble swimmer 2), mertail
a: Begin Untransformation


You were on level 1 of the Dungeon.
You were a hulking beast.
You visited 1 branch of the dungeon, and saw 1 of its levels.

You collected 81 gold pieces.

Inventory:

Missiles
 d - 2 poisoned darts
Armour
 a - a +0 animal skin (worn)
Talismans
 c - a beast talisman
Scrolls
 e - a scroll of noise {unknown}
Potions
 b - a potion of lignification


   Skills:
 + Level 1.5 Fighting
 + Level 3.1 Dodging
 * Level 3.7 Unarmed Combat
 - Level 4.3 Shapeshifting


You had one spell level left.
You didn't know any spells.
Your spell library was empty.

Dungeon Overview and Level Annotations

Branches:
Dungeon (1/15)

Altars:


Innate Abilities, Weirdness & Mutations

You are a hulking beast.
Your limbs bulge with bestial killing power. (Slay +3)
((You are very nimble when in or above water. (Stealth+, EV+, Speed+++)))
Your lower body shifts to a powerful aquatic tail in water.


Message History

A gnoll comes into view. It is wielding a +0 club.
The gnoll shouts!
The ball python hisses angrily.
You hear a shout! x2
A gnoll comes into view. It is wielding a +0 club.
The gnoll closely misses you. The ball python completely misses you.
The ball python grabs you. The ball python constricts you.
You closely miss the ball python. The gnoll hits you with a +0 club.
The ball python closely misses you. The ball python constricts you.
You closely miss the ball python. The gnoll hits you with a +0 club.
The ball python misses you. The ball python constricts you.
You escape the ball python's grasp.
You barely miss the gnoll. The gnoll barely misses you.
You hit the gnoll.
The gnoll is moderately wounded.
The gnoll hits you but does no damage.
You hit the gnoll.
The gnoll is heavily wounded.
The gnoll hits you with a +0 club!
You are too injured to fight recklessly!
You hit the gnoll.
The gnoll is severely wounded.
The gnoll hits you with a +0 club.
* * * LOW HITPOINT WARNING * * *
You barely miss the gnoll.
The gnoll is severely wounded.
The gnoll hits you with a +0 club.
* * * LOW HITPOINT WARNING * * *
You barely miss the gnoll. You punch the gnoll.
You kill the gnoll!
Your Dodging skill increases to level 3!
You barely miss the ball python. The ball python bites you.
* * * LOW HITPOINT WARNING * * *
The ball python closely misses you.
You completely miss the ball python. The ball python barely misses you.
The ball python grabs you. The ball python constricts you.
You punch the ball python!
You kill the ball python!
A quokka comes into view.
The quokka twitches its whiskers.
The quokka bites you.
You die...

##### .... ##
#..######.# ...
.........# #.#
#.#r###)# # #.#
#.##h.g## .# #.#
#.#.###.## .#
####.##
##..#####.#..#
..##..#
#..........#
..##..##
##....#######
..##...# #.....#
.......####..#..#
.....#..##......#
.....#..##..###.###


You could see a gnoll and a quokka.

Vanquished Creatures
  A gnoll (D:1)
  2 ball pythons (D:1)
  2 giant cockroaches (D:1)
  A hobgoblin (D:1)
  2 bats (D:1)
  2 frilled lizards (D:1)
  2 kobolds (D:1)
12 creatures vanquished.

Notes
Turn   | Place    | Note
-------+----------+-------------------------------------------
     0 | D:1      | MacCMillion the Merfolk Shapeshifter began the quest for
                  | the Orb.
     0 | D:1      | Reached XP level 1. HP: 15/15 MP: 1/1
   220 | D:1      | Reached XP level 2. HP: 19/21 MP: 2/2
   339 | D:1      | HP: 1/21 [ball python (2)]
   343 | D:1      | Slain by a quokka

Illustrated notes

Levels and vault maps discovered:
D:1:      scummos_arrival_gate, layout_loops_ring,
          hellmonk_ecumenical_altar_inner_sanctum,
          corexii_item_surrounded_by_moat, minmay_liquid_box,
          chequers_serial_rivers_marsh, minmay_misc_feat_x

Skill      XL: |  1  2 |
---------------+-------+-----
Dodging        | 3 |  3.1
Fighting       | |  1.5
Unarmed Combat | |  3.7
Shapeshifting  | |  4.3

Action                     || total
---------------------------++-------
  Melee: Unarmed           ||    34
         Punch             ||     1
 Armour: Animal skin       ||     6
  Dodge: Dodged            ||    19

Table legend: (Time is in decaauts)
 A = Elapsed time spent in this place.
 B = Non-inter-level travel time spent in this place.
 C = Inter-level travel time spent in this place.
 D = Time resting spent in this place.
 E = Time spent auto-exploring this place.
 F = Levels seen in this place.
 G = Mean time per level.
                   A        B        C        D        E       F      G
               +--------+--------+--------+--------+--------+-----+--------+
         Total |    340 |    340 |      0 |    118 |    146 |   1 |  340.0 |
       Dungeon |    340 |    340 |      0 |    118 |    146 |   1 |  340.0 |
               +--------+--------+--------+--------+--------+-----+--------+

Top non-repeatable levels by time:
     D:1: 340 daAuts
